 Dungeon Crawl Stone Soup version 0.18-a0-596-g6468885 (webtiles) character file.

212 M4edhros the Vexing (level 5, -1/33 HPs)
             Began as an Octopode Arcane Marksman on Dec 3, 2015.
             Slain by a scorpion (6 damage)
             ... on level 4 of the Dungeon.
             The game lasted 00:04:39 (2629 turns).

M4edhros the Vexing (Octopode Arcane Marksman)      Turns: 2629, Time: 00:04:39

Health: -1/33      AC:  1    Str: 11    XL:     5   Next: 90%
Magic:  0/8        EV: 13    Int: 21    God:
Gold:   157        SH:  0    Dex: 11    Spells: 3 memorised, 2 levels left

rFire  . . .     SeeInvis .     v - +0 spear
rCold  . . .     Clarity  .     (no shield)
rNeg   . . .     SustAt   .     (helmet restricted)
rPois  .         Gourm    .     t - amulet of guardian spirit
rElec  .         Spirit   +     (no ring)
rCorr  .         Dismiss  .     (no ring)
rMut   .         Stasis   .     (no ring)
MR     .....                    (no ring)
Stlth  ++........               (no ring)
                                (no ring)
                                (no ring)
                                (no ring)

@: brilliant, lethally poisoned (-1 -> -15), not resistant to hostile
enchantments, unstealthy
A: almost no armour, amphibious, 8 rings, constrict 8, camouflage 1, gelatinous
body 1
a: no special abilities


You were on level 4 of the Dungeon.
You were hungry.

You visited 1 branch of the dungeon, and saw 5 of its levels.

You collected 157 gold pieces.

Inventory:

Hand Weapons
 a - a +0 hunting sling
 v - a +0 spear (weapon)
Missiles
 c - 14 sling bullets
 f - 99 stones (quivered)
Jewellery
 n - an uncursed amulet of rage
 t - an amulet of guardian spirit (around mantle)
Scrolls
 e - a scroll of magic mapping {unknown}
 h - 3 scrolls of identify {unknown}
 i - a scroll of enchant weapon {unknown}
 k - 2 scrolls of enchant armour {unknown}
 m - a scroll of teleportation {unknown}
 r - a scroll of fog {unknown}
 u - 2 scrolls of amnesia {unknown}
Books
 b - a book of Debilitation

   Spells                             Type                      Level
   a - Corona                         Hexes                        1
   b - Slow                           Hexes                        2
   c - Gell's Gravitas                Hexes/Translocation          3
   d - Inner Flame                    Hexes/Fire                   3
   e - Cause Fear                     Hexes                        4
   f - Leda's Liquefaction            Hexes/Earth                  4
Comestibles
 d - 2 bread rations
 o - 3 fruits
 p - 2 meat rations
 q - a beef jerky


   Skills:
 - Level 1.0 Fighting
 + Level 3.0 Slings
 + Level 3.5 Dodging
 + Level 2.4 Spellcasting
 + Level 3.9 Hexes
 + Level 1.5 Fire Magic


You had 2 spell levels left.
You knew the following spells:

 Your Spells              Type           Power        Failure   Level  Hunger
a - Corona                Hex            ####...      1%          1    None
b - Inner Flame           Hex/Fire       ####....     2%          3    ###....
c - Slow                  Hex            ####....     1%          2    ##.....


Dungeon Overview and Level Annotations

Branches:
Dungeon (5/15)
 Temple: D:4-7

Altars:
Fedhas

Annotations:
D:3 Purgy, Terence


Innate Abilities, Weirdness & Mutations

You cannot wear most types of armour.
You are amphibious.
You can wear up to eight rings at the same time.
You can use your tentacles to constrict eight enemies at once.
Your skin changes colour to match your surroundings (Stealth).
Your rubbery body absorbs attacks (AC +1).


Message History

You closely miss the scorpion. You grab the scorpion.
You squeeze the scorpion, but do no damage.
The scorpion is heavily wounded.
You constrict the scorpion.
* * * LOW HITPOINT WARNING * * *
You feel sick. The scorpion barely misses you. The quokka bites you.
* * * LOW HITPOINT WARNING * * *
You hit the scorpion but do no damage.
The scorpion is heavily wounded.
You constrict the scorpion.
* * * LOW HITPOINT WARNING * * *
You feel sick. The scorpion closely misses you.
The quokka bites you but does no damage.
Unknown command.
You barely miss the scorpion.
The scorpion is heavily wounded.
You constrict the scorpion.
* * * LOW HITPOINT WARNING * * *
You feel sick. The scorpion stings you.
You die...

##### ...o o .# ..... ### ..
.. ..... ..o #.#### .####
... ....# .# ## [r ....#####
.# #..# #.##.......# .#
.<... #..........# .#
.......######lo.....#
#####.........Ws@r{oS....).#
..............######.......#
#####....)... #.......#
s.... #..:....# ...
######### ##


You could see a phantom, a scorpion, an adder, 2 orcs, a giant gecko and a
quokka (inner flame).

Vanquished Creatures
  2 worker ants (D:4)
  An iguana (D:4)
  2 orc wizards (D:4)
  A worker ant zombie (D:3)
  An adder (D:4)
  2 oozes
  An adder zombie (D:3)
  3 giant geckos
  An orc (D:4)
  8 bats
  4 giant cockroaches
  9 goblins
  5 hobgoblins
  4 kobolds
  A ball python skeleton (D:3)
  6 jackals
  2 jackal skeletons
  11 rats
64 creatures vanquished.

Notes
Turn   | Place    | Note
--------------------------------------------------------------
     0 | D:1      | M4edhros the Octopode Arcane Marksman began the quest for the Orb.
     0 | D:1      | Reached XP level 1. HP: 13/13 MP: 2/2
   163 | D:1      | Reached XP level 2. HP: 18/18 MP: 3/3
   512 | D:1      | Reached XP level 3. HP: 15/23 MP: 5/5
  1240 | D:2      | Found a blossoming altar of Fedhas.
  1340 | D:2      | Learned a level 3 spell: Inner Flame
  1633 | D:3      | Reached XP level 4. HP: 6/28 MP: 0/6
  1935 | D:3      | Noticed Purgy
  1953 | D:3      | Noticed Terence
  2070 | D:4      | Reached skill level 1 in Fire Magic
  2152 | D:4      | Reached XP level 5. HP: 20/33 MP: 8/8
  2435 | D:4      | Noticed a phantom
  2572 | D:5      | Entered Level 5 of the Dungeon
  2614 | D:4      | Learned a level 2 spell: Slow
  2622 | D:4      | HP: 1/33 [scorpion (6)]
  2629 | D:4      | Slain by a scorpion

Vault maps used:
D:1:      dpeg_arrival_concentric_ovals, minmay_misc_feat_diagonals,
          st_stairs_10
D:2:      fedhas_altar_2
D:3:      serial_undead, serial_undead_b, serial_undead_a, serial_undead_b,
          serial_undead_f, serial_park_tiny_1, kennysheep_decorative_pillar,
          uniq_sigmund, uniq_terence, uniq_purgy
D:4:      first_bread
D:5:      uniq_crazy_yiuf_cottage

Action                   |  1- 3 |  4- 6 || total
-------------------------+-------+-------++-------
Melee: Unarmed           |     2 |       ||     2
       Spear             |       |    73 ||    73
 Fire: Hunting sling     |   165 |    13 ||   178
 Cast: Inner Flame       |       |     1 ||     1
  Use: Potion            |     1 |     7 ||     8
 Stab: Sleeping          |       |     1 ||     1
  Eat: Chunk             |     1 |     4 ||     5
